 Dungeon Crawl Stone Soup version 0.25-a0-731-g0472a16d6a (webtiles) character file.

Game seed: 10707287528301474054, levelgen mode: deterministic

5 Anathary the Ducker (level 1, 0/10 HPs)
             Began as a Felid Berserker on Apr 9, 2020.
             Was a Follower of Trog.
             Slain by a kobold
             ... wielding a +0 short sword
              (4 damage)
             ... on level 1 of the Dungeon.
             The game lasted 00:00:30 (190 turns).

Anathary the Ducker (Felid Berserker)                Turns: 190, Time: 00:00:30

Health: 0/10       AC:  1    Str: 13    XL:     1   Next: 66%
Magic:  2/2        EV: 19    Int:  8    God:    Trog [*.....]
Gold:   0          SH:  0    Dex: 15    Spells: 0/0 levels left
                                        Lives:  0   Deaths: 0

rFire    . . .     SeeInvis +     - Unarmed
rCold    . . .     Gourm    .   (shield unavailable)
rNeg     . . .     Faith    .   (armour unavailable)
rPois    .         Spirit   .   (helmet unavailable)
rElec    .         Reflect  .   (cloak unavailable)
rCorr    .         Harm     .   (gloves unavailable)
MR       .....                  (boots unavailable)
Stlth    ++........             (no amulet)
HPRegen  0.03/turn              (no ring)
MPRegen  0.08/turn              (no ring)

@: quick
A: very small, no armour, no weapons or thrown items, stealth, claws 1, fangs 3,
see invisible, carnivore, speed 1, shaggy fur 1, slow metabolism 1, sharp paws
a: Berserk, Renounce Religion


You were on level 1 of the Dungeon.
You worshipped Trog.
Trog was aware of your devotion.
You were not hungry.

You visited 1 branch of the dungeon, and saw 1 of its levels.

Inventory:

Comestibles
 a - a ration


   Skills:
 - Level 3.0 Fighting
 * Level 4.2 Dodging
 * Level 3.2 Unarmed Combat


You couldn't memorise any spells.
You didn't know any spells.
Your spell library was empty.

Dungeon Overview and Level Annotations

Branches:
Dungeon (1/15)

Altars:


Innate Abilities, Weirdness & Mutations

You cannot wear armour.
You are incapable of wielding weapons or throwing items.
Your paws allow you to move quietly. (Stealth)
You have sharp claws.
You have razor-sharp teeth.
You have supernaturally acute eyesight. (SInv)
You are carnivorous and can eat meat at any time.
You cover ground quickly.
You are covered in fur. (AC +1)
You have a slow metabolism.
Your sharp claws are effective at attacking unaware monsters.


Message History

You see here a stone.
The kobold hits you but does no damage.
You closely miss the kobold. The bat zombie misses you.
The bat zombie completely misses you. The bat zombie misses you.
The kobold hits you with a +0 short sword.
You scratch the kobold but do no damage.
The bat zombie hits you but does no damage.
The bat zombie barely misses you. The kobold misses you.
The bat zombie misses you.
You scratch the bat zombie.
The bat zombie is severely damaged.
The bat zombie misses you.
The bat zombie hits you but does no damage.
The hobgoblin throws a stone.
The stone misses you.
The kobold hits you with a +0 short sword.
You scratch the bat zombie.
You destroy the bat zombie!
Trog accepts your kill.
The kobold hits you with a +0 short sword.
You die...

## ## #######
≈♣≈#
#<...8####8####
#.....'.......+
#8...8##8#'#8##
###'######(###
#.##♣♣(....♣♣
8.#♣≈@......≈♣
≈#.8#K........#
###.##...≈♣g...#
..''...♣8♣..)+
#.##...≈♣≈...#
#.8#.........#
♣≈.... ..≈♣
#♣♣.... ♣♣


You could see a hobgoblin and a kobold.

Vanquished Creatures
  An adder zombie (D:1)
  A bat zombie (D:1)
2 creatures vanquished.

Notes
Turn   | Place    | Note
-------+----------+-------------------------------------------
     0 | D:1      | Anathary the Felid Berserker began the quest for the Orb.
     0 | D:1      | Reached XP level 1. HP: 10/10 MP: 2/2
   190 | D:1      | Slain by a kobold

Levels and vault maps discovered:
D:1:      saegor_arrival_fortress, layout_basic

Action                   || total
-------------------------++-------
Melee: Unarmed           ||    14
       Bite              ||     1
Armor: Skin              ||     2
Dodge: Dodged            ||    20

Table legend:
 A = Non-vault XP
 B = Vault XP
 C = Vault XP percentage of total XP
 D = Non-vault monster count
 E = Vault monster count
 F = Vault count percentage of total count
                 A         B        C        D         E       F
            +---------+---------+-------+---------+---------+-------
      Total |       0 |       8 | 100.0 |       0 |       2 | 100.0
            +---------+---------+-------+---------+---------+-------
        D:1 |       0 |       8 | 100.0 |       0 |       2 | 100.0
            +---------+---------+-------+---------+---------+-------
